Unix NetHack Version 5.0.0-0 post-release - last build Jul 19 2026 19:10:59 (3aa4ab31751d3886436d94b585a96704892fd477,branch:main).

Game began 2026-07-27 17:43:07, ended 2026-07-27 18:01:46.

JohnDarcy, neutral male human Tourist

  -----
  |...|     ------------                             ----------
  |...|     |..........|      ------                 |.......<|
  |...|     |..........|      |....|                 |........|     #-----
  |...|    #...........|    ##..>...####             |.........### -|-...---
  |...|    #|..........|    # |....|   ##         ###.........|###:@r......|
  |...|    #-.---------- #### |.....###############  ----------# #--)......--
  --|--    # ##         ##    ------        #################### #|.........|
    #      #  #        ##                   #                    #|.........|
    ##   ###  #       ##                #####                    #-.........|
     #   #    #       #               ###                         --.......--
     #  ##    #     ###--------       #                            |.......|
   --.--#     ####  # #.......|    #### ----------                 ---...---
   |...|#     ---.-####|......|    #    |....<...+#                  -----
   |...|#     |....##  |.......#######  |........|#   ----------
   |...|#     |...|#   |......|      ###+........|#   |...\....|
   |...+#     |....#   |......|         ----------####|........|
   -----      -----    --------                      #+........|
                                                      ----------

JohnDarcy the Sightseer     St:25 Dx:14 Co:15 In:13 Wi:8 Ch:17  Neutral
Dlvl:7  $:769 HP:0(40) Pw:17(17) AC:4  Xp:5 T:2059 

Latest messages:
 The killer bee stings!
 The killer bee stings!
 What do you want to throw? [$aL or ?*] a
 In what direction? 4
 You kill the killer bee!
 You stop searching.
 a - 3 +2 darts (at the ready) (20 in total).
 What do you want to throw? [$aL or ?*] a
 In what direction? 3
 The dart misses the rabid rat.
 What do you want to throw? [$aL or ?*] a
 In what direction? 6
 The dart misses the rabid rat.
 The rabid rat bites!
 You hit the rabid rat!
 The gecko bites!
 The rabid rat bites!
 What do you want to throw? [$aL or ?*] a
 In what direction? 6
 The dart misses the rabid rat.
 The rabid rat bites!
 What do you want to throw? [$aL or ?*] a
 In what direction? 6
 The dart misses the rabid rat.
 The rabid rat bites!
 What do you want to throw? [$aL or ?*] a
 In what direction? 6
 The dart misses the rabid rat.
 The rabid rat misses!
 What do you want to throw? [$aL or ?*] a
 In what direction? 6
 The dart misses the rabid rat.
 The rabid rat bites!
 What do you want to throw? [$aL or ?*] a
 In what direction? 6
 The dart misses the rabid rat.
 The rabid rat bites!
 You hear the tones of courtly conversation.
 What do you want to throw? [$aL or ?*] a
 In what direction? 6
 The dart misses the rabid rat.
 The gecko misses!
 The rabid rat bites!
 The rabid rat's bite was poisoned!
 You die...
 Do you want your possessions identified? [ynq] (y) y
 Do you want to see your attributes? [ynq] (y) y
 Do you want an account of creatures vanquished? [ynaq] (y) y
 Do you want to see your conduct and achievements? [ynq] (y) y
 Do you want to see the dungeon overview? [ynq] (y) y

Inventory:
 Coins    ('$')
  $ - 769 gold pieces
 Weapons  (')')
  a - 12 +2 darts (at the ready)
  L - a corroded +2 dart
 Armor    ('[')
  r - an uncursed +0 orcish helm (being worn)
  R - an uncursed +0 orcish helm
  S - an uncursed +0 pair of gauntlets of power (being worn)
  E - an uncursed +0 cloak of magic resistance
  Q - an uncursed +0 leather cloak (being worn)
  j - an uncursed +0 Hawaiian shirt with a parrot motif (being worn)
  T - an uncursed +0 studded leather armor (being worn)
 Comestibles  ('%')
  G - an uncursed candy bar labeled "Om-nom"
  f - an uncursed cram ration
  k - an uncursed cream pie
  b - 7 uncursed food rations
  d - 6 uncursed tripe rations
  e - an uncursed egg
  w - 3 uncursed lichen corpses
 Scrolls  ('?')
  X - a blessed scroll of blank paper
  Y - 3 uncursed scrolls of blank paper
  M - a cursed scroll of destroy armor
  I - an uncursed scroll of enchant weapon
  h - 3 uncursed scrolls of magic mapping
  p - an uncursed scroll of scare monster
  J - an uncursed scroll of scare monster
  u - a blessed scroll of teleportation
 Potions  ('!')
  t - an uncursed potion of blindness
  g - 2 uncursed potions of extra healing
  B - an uncursed potion of fruit juice
  n - an uncursed potion of full healing
  v - an uncursed potion of gain level
  z - 3 uncursed potions of healing
  K - an uncursed potion of water
 Rings    ('=')
  C - an uncursed ring of conflict (on left hand)
 Wands    ('/')
  H - a wand of digging (0:2)
  V - a wand of slow monster (0:5)
 Tools    ('(')
  l - an uncursed credit card
  c - an expensive camera (0:30)
  x - a cursed lock pick
  W - an uncursed skeleton key

JohnDarcy the Tourist's attributes:

Background:
 You were a Sightseer, a level 5 male human Tourist.
 You were neutral, on a mission for The Lady
 who was opposed by Blind Io (lawful) and Offler (chaotic).
 You were right-handed.
 You were in the Dungeons of Doom, on level 7.
 You entered the dungeon 2059 turns ago.
 You had 291 experience points, 29 more were needed to attain level 6.

Basics:
 You had 0 out of 40 hit points.
 You had all 17 energy points (spell power).
 Your armor class was 4.
 Your wallet contained 769 zorkmids.
 Autopickup was off.

Final Characteristics:
 Your strength was 25 (base:11, innate limit:18/100).
 Your dexterity was 14 (limit:18).
 Your constitution was 15 (limit:18).
 Your intelligence was 13 (limit:18).
 Your wisdom was 8 (limit:18).
 Your charisma was 17 (limit:18).

Final Status:
 You weren't hungry.
 You were unencumbered.
 You were empty handed.
 You were unskilled in bare handed combat.

Final Attributes:
 You were devoutly aligned.
 You were telepathic.
 You caused conflict.
 You were warded.
 You are dead.

Miscellaneous:
 You didn't encounter any bones levels.
 Total elapsed playing time was 18 minutes and 38 seconds.

Major events:
 Turn
    1: JohnDarcy the neutral male human Tourist entered the dungeon
  504: attained the rank of Sightseer (level 3)
  591: entered the Gnomish Mines
 2059: killed by a rabid rat

You didn't know any spells.

Skills:
 Fighting Skills
   bare handed combat [Unskilled]
   two weapon combat  [Unskilled]
   riding             [Unskilled]
 Weapon Skills
   dagger             [Unskilled]
   knife              [Unskilled]
   axe                [Unskilled]
   pick-axe           [Unskilled]
   short sword        [Unskilled]
   broadsword         [Unskilled]
   long sword         [Unskilled]
   two-handed sword   [Unskilled]
   saber              [Unskilled]
   mace               [Unskilled]
   morning star       [Unskilled]
   flail              [Unskilled]
   hammer             [Unskilled]
   quarterstaff       [Unskilled]
   polearms           [Unskilled]
   spear              [Unskilled]
   trident            [Unskilled]
   lance              [Unskilled]
   bow                [Unskilled]
   sling              [Unskilled]
   crossbow           [Unskilled]
   dart               [Basic]
   shuriken           [Unskilled]
   boomerang          [Unskilled]
   whip               [Unskilled]
   unicorn horn       [Unskilled]
 Spellcasting Skills
   divination spells  [Unskilled]
   enchantment spells [Unskilled]
   escape spells      [Unskilled]

Voluntary challenges:
 Character rerolling was not enabled.
 You never hit with a wielded weapon.
 You never genocided any monsters.
 You never polymorphed an object.
 You never changed form.
 You used no wishes.
Achievements:
 You attained the rank of Sightseer.
 You entered the Gnomish Mines.
 You entered a shop.

 The Dungeons of Doom: levels 1 to 7
    Level 1:
    Level 2:
       An altar to The Lady, a fountain.
    Level 3:
       A weapon shop, some fountains.
       Stairs down to The Gnomish Mines.
    Level 4:
       A weapon shop, some fountains.
    Level 5:
       An altar, some fountains.
    Level 6:
       Many fountains.
       Oracle of Delphi.
    Level 7: <- You were here.
       A throne.
       Final resting place for
          you, killed by a rabid rat.
 The Gnomish Mines:
    Level 4:


Vanquished creatures:
  2 human zombies
 an orc shaman
  a kobold mummy
  a paper golem
  a giant ant
  a floating eye
  a kitten
  a rothe
  a killer bee
  a hobgoblin
  5 cave spiders
  a green mold
  a gnome
  a gecko
  4 jackals
  a fox
  a kobold
  4 goblins
  a sewer rat
  a bat
  4 lichens
  4 newts
39 creatures vanquished.

No species were genocided or became extinct.

Game over:
                       ----------
                      /          \
                     /    REST    \
                    /      IN      \
                   /     PEACE      \
                  /                  \
                  |    JohnDarcy     |
                  |      769 Au      |
                  |   killed by a    |
                  |    rabid rat     |
                  |                  |
                  |                  |
                  |       2026       |
                 *|     *  *  *      | *
        _________)/\\_//(\/(/\)/\//\/|_)_______

Aloha JohnDarcy the Tourist...

You died in The Dungeons of Doom on dungeon level 7 with 1658 points,
and 769 pieces of gold, after 2059 moves.
You were level 5 with a maximum of 40 hit points when you died.

